 Dungeon Crawl Stone Soup version 0.29.1-13-g9f3cf754e1 (webtiles) character file.

Game seed: 5295104163149457911

1911 hawla the Thaumaturge (level 9, -2/59 (67) HPs)
             Began as a Meteoran Ice Elementalist on Jan 22, 2023.
             Was a Follower of Vehumet.
             Slain by a wight
             ... wielding a +1 battleaxe of freezing
              (6 damage)
             ... on level 8 of the Dungeon.
             The game lasted 00:13:39 (1451 turns).

hawla the Thaumaturge (Meteoran Ice Elementalist)   Turns: 1451, Time: 00:13:40

HP:   -2/59 (67)    AC:  4    Str: 16    XL:     9   Next: 65%
MP:   19/22         EV: 13    Int: 22    God:    Vehumet [*.....]
Gold: 201           SH:  0    Dex: 15    Spells: 17/25 levels left

rFire   . . .      SeeInvis .   n - +2 short sword "Orb Guardian's Bane" {drain, Str+7}
rCold   . . .      Faith    .   (no shield)
rNeg    . . .      Spirit   .   a - +0 robe
rPois   .          Reflect  .   (no helmet)
rElec   .          Harm     .   i - +0 cloak
rCorr   .          Rampage  .   (no gloves)
Will    +....                   d - +0 pair of boots
Stlth   +.........              (no amulet)
HPRegen 0.19/turn               (no ring)
MPRegen 0.18/turn               (no ring)

@: freezing walls, glowing, heavily drained
A: sense surroundings 2, otherworldly, glowing, explore regen
a: Renounce Religion


You were on level 8 of the Dungeon.
You worshipped Vehumet.
Vehumet was aware of your devotion.
You visited 2 branches of the dungeon, and saw 9 of its levels.

You collected 201 gold pieces.

Inventory:

Hand Weapons
 n - the +2 short sword "Orb Guardian's Bane" (weapon) {drain, Str+7}
   (You found it on level 7 of the Dungeon)

   A truly terrible weapon, it drains the life of any living foe it strikes.
   Str:       It affects your strength (+7).
Armour
 a - a +0 robe (worn)
 d - a +0 pair of boots (worn)
 i - a +0 cloak (worn)
Jewellery
 e - a ring of poison resistance
 k - a ring of flight
 m - a +6 ring of strength
Wands
 j - a wand of charming (3)
 l - a wand of flame (27)
Potions
 b - a potion of magic
 f - a potion of curing
 g - 3 potions of cancellation


   Skills:
 + Level 1.8 Fighting
 + Level 0.1 Short Blades
 + Level 3.8 Dodging
 - Level 1.4 Stealth
 + Level 8.7 Spellcasting
 + Level 6.6 Conjurations
 + Level 8.5 Ice Magic


You had 17 spell levels left.
You knew the following spells:

 Your Spells              Type           Power      Damage    Failure   Level
a - Freeze                Ice            100%       1d11      1%          1
b - Frozen Ramparts       Ice            94%        1d15      1%          3
c - Hailstorm             Conj/Ice       43%        3d10      3%          4

Your spell library contained the following spells:

 Spells                   Type           Power      Damage    Failure   Level
 Shock                    Conj/Air       96%        1d9       1%          1
 Ozocubu's Armour         Ice            47%        N/A       1%          3
 Summon Guardian Golem    Hex/Summ       9%         N/A       21%         3
 Orb of Destruction       Conj           19%        9d8       98%         7
 Spellforged Servitor     Conj/Summ      12%        N/A       100%        7


Dungeon Overview and Level Annotations

Branches:
Dungeon (8/15) Zot: 3423   Temple (1/1) D:4 Zot: 522
   Lair: D:8-11

Altars:
Cheibriados
Elyvilon
Fedhas
Gozag
Kikubaaqudgha
Nemelex Xobeh
Okawaru
Ru
Trog
Uskayaw
Vehumet
Xom
Yredelemnul
Zin
The Shining One

Shops:
D:1 (


Innate Abilities, Weirdness & Mutations

You passively map the area around you.
You are easily found by Zot.
You glow in the dark.
You regain HP and MP as you explore.


Message History

You feel drained. The wight freezes you.
You aren't carrying any scrolls.
You feel better. The wight closely misses you.
Casting: Freeze (safe; 1% risk of failure)
Confirm with . or Enter, or press ? or * to list all spells.
Casting: Frozen Ramparts (safe; 1% risk of failure)
Press: ? - help, Dir - look around, f - activate
Okay, then.
The wight hits you with a +1 battleaxe of freezing!
The wight freezes you. The wight attacks as you move away!
The wight hits you with a +1 battleaxe of freezing!
* * * LOW HITPOINT WARNING * * *
You feel drained. The wight freezes you.
* * * LOW HITPOINT WARNING * * *
The wight attacks as you move away! The wight barely misses you.
Casting: Frozen Ramparts (safe; 1% risk of failure)
Confirm with . or Enter, or press ? or * to list all spells.
Casting: Frozen Ramparts (safe; 1% risk of failure)
Press: ? - help, Dir - look around, f - activate The walls around you are covered in ice.
The wall freezes the wight but does no damage.
The wight hits you with a +1 battleaxe of freezing!
You feel drained. The wight freezes you.
* * * LOW HITPOINT WARNING * * *
Casting: Frozen Ramparts (safe; 1% risk of failure)
Confirm with . or Enter, or press ? or * to list all spells.
Aiming: Freeze (safe; 1% risk of failure)
Press: ? - help, Shift-Dir - straight line, f - wight
Aim: a wight, wielding a +1 battleaxe of freezing and wearing a +0 robe (lightly damaged)
You freeze the wight but do no damage.
The wight completely resists.
The wight resists.
The wall freezes the wight.
The wight closely misses you.
Unknown command.
You feel better.
The wight resists.
The wall freezes the wight.
The wight hits you with a +1 battleaxe of freezing!
* * * LOW HITPOINT WARNING * * *
You feel drained.
* * * LOW HITPOINT WARNING * * *
The wight freezes you.
You die...

* , ,,,, ** , ,, , ,, ,,
#.... #....# * , #....
#....#### * ,
#....##........ , , ,
............... , , ,
............... ,,
................, , , ,
................. , ,
*.......@......... , ,
,,
#....##z................
#.., #.................
,,. , #.................
, , ,#.................
, ,,, #..!..........!...
, , ,,
#................. ,
#................. , ,
#.................


You could see a wight.

Vanquished Creatures
  2 water moccasins (D:6)
  Duvessa (D:6)
  3 ice beasts (D:6)
  A sky beast (D:7)
  2 black bears
  2 centaurs
  2 bullfrogs (D:6)
  4 wights (D:7)
  Dowan (D:6)
  A howler monkey (D:7)
  A jelly (D:5)
  A gnoll bouda (D:7)
  3 hounds
  Terence (D:2)
  3 iguanas
  2 orc wizards
  8 gnolls
  2 adders
  2 shadow imps
  A white imp (D:6)
  An ufetubus (D:4)
  4 dart slugs
  6 orcs
  2 ball pythons
  2 endoplasms (D:1)
  3 giant cockroaches (D:1)
  3 hobgoblins (D:4)
  6 jackals (D:4)
  4 kobolds (D:1)
  2 quokkas
  3 bats
79 creatures vanquished.

Vanquished Creatures (others)
  4 plants (D:1)
4 creatures vanquished.

Grand Total: 83 creatures vanquished

Notes
Turn   | Place    | Note
-------+----------+-------------------------------------------
     0 | D:1      | hawla the Meteoran Ice Elementalist began the quest for the
                  | Orb.
     0 | D:1      | Reached XP level 1. HP: 14/14 MP: 5/5
    16 | D:1      | Reached XP level 2. HP: 16/20 MP: 2/6
    67 | D:1      | Reached skill level 5 in Ice Magic
    67 | D:1      | Reached XP level 3. HP: 25/26 MP: 6/8
    71 | D:1      | Learned a level 3 spell: Frozen Ramparts
   140 | D:1      | Found a faded altar of an unknown god.
   158 | D:1      | Found Gadeiq's Weapon Emporium.
   262 | D:2      | Noticed Terence
   271 | D:2      | Killed Terence
   272 | D:2      | Reached XP level 4. HP: 30/33 MP: 4/10
   365 | D:4      | Noticed a black bear
   370 | D:4      | Found a staircase to the Ecumenical Temple.
   374 | D:4      | Killed a black bear
   375 | D:4      | Reached XP level 5. HP: 14/39 MP: 2/12
   381 | D:4      | Learned a level 4 spell: Hailstorm
   402 | Temple   | Entered the Ecumenical Temple
   470 | Temple   | Became a worshipper of Vehumet
   517 | D:4      | Reached skill level 1 in Conjurations
   517 | D:4      | Reached XP level 6. HP: 46/46 MP: 9/13
   655 | D:5      | Entered Level 5 of the Dungeon
   707 | D:5      | Reached XP level 7. HP: 44/51 MP: 6/14
   726 | D:6      | Noticed a water moccasin
   731 | D:6      | Killed a water moccasin
   732 | D:6      | Reached skill level 5 in Conjurations
   741 | D:6      | Noticed a water moccasin
   747 | D:6      | Killed a water moccasin
   747 | D:6      | Reached * piety under Vehumet
   747 | D:6      | Offered knowledge of Shock by Vehumet.
   770 | D:6      | Reached skill level 5 in Spellcasting
   772 | D:6      | Reached XP level 8. HP: 19/58 MP: 3/16
   784 | D:5      | Reached skill level 1 in Fighting
   866 | D:5      | Found a shimmering altar of Xom.
   873 | D:5      | Found a blossoming altar of Fedhas.
   976 | D:6      | Noticed Duvessa
   976 | D:6      | Noticed Dowan
   986 | D:6      | Killed Duvessa
   994 | D:6      | Killed Dowan
  1124 | D:6      | Gained mutation: You passively map the area around you.
                  | [Meteoran growth]
  1124 | D:6      | Reached XP level 9. HP: 62/64 MP: 2/20
  1325 | D:7      | Identified the +2 short sword "Orb Guardian's Bane" {drain,
                  | Str+7}
  1338 | D:7      | HP: 3/62 [something (5)]
  1451 | D:8      | Slain by a wight

Illustrated notes

Levels and vault maps discovered:
D:1:      dpeg_arrival_round_b, layout_rooms, serial_bayou, serial_bayou_pond_d,
          serial_bayou_pond_e, serial_bayou_ford_a, serial_bayou_pond_e,
          serial_shops, nicolae_shop_waterfront,
          hellmonk_ecumenical_altar_lost_god, minmay_heptomino_o4
D:2:      layout_loops_corners, uniq_terence, uniq_robin
D:3:      layout_loops_ring, minmay_pentangle, uniq_sigmund
D:4:      layout_loops_ring, minmay_temple_entry_wispy
D:5:      layout_basic, nicolae_hepliaklqana_hazy_memory,
          mainiacjoe_overflow_catwalk_spiral
D:6:      layout_loops_ring, serial_glass, glass_columns_a, glass_columns_a,
          glass_columns_a, glass_columns_b, minmay_strange_pillars,
          grunt_ministairs_3, minmay_large_rounded_square, uniq_duvessa,
          uniq_menkaure
D:7:      layout_basic, led_sif_pool, marbit_many_paths, uniq_joseph
D:8:      layout_gridville, grunt_qazlal_clouds, old_standard_altar,
          dpeg_oklobed_lair
Temple:   nicolae_temple_god_jail

Skill      XL: |  1  2  3  4  5  6  7  8  9 |
---------------+----------------------------+-----
Spellcasting   | 3 4 5 7 8 |  8.7
Ice Magic      | 5 6 7 8 |  8.5
Conjurations   | 1 4 6 |  6.6
Fighting       | 1 |  1.8
Dodging        | 3 |  3.8
Short Blades   | |  0.1
Stealth        | |  1.4

Action                   |  1- 3 |  4- 6 |  7- 9 || total
-------------------------+-------+-------+-------++-------
Melee: Unarmed           |     9 |     7 |    12 ||    28
       Short sword       |       |       |    19 ||    19
       Flail             |       |       |     3 ||     3
 Cast: Freeze            |    26 |    22 |    46 ||    94
       Frozen Ramparts   |     2 |     7 |    17 ||    26
       Hailstorm         |       |     2 |    17 ||    19
  Use: Potion            |     1 |       |     7 ||     8
       Scroll            |       |     1 |     3 ||     4
Armor: Robe              |     5 |     7 |    31 ||    43
Dodge: Dodged            |    15 |    17 |    70 ||   102
